AoeStats
← Marianob04

Coastal Forest

510524545Analyzed
4v4 RM · 2d ago on Oct 1, 2026· 29m 39s· 8 players
Game mode
Random Map
Map size
Large (8 player)
Population
200
Speed
Normal
Resources
Standard
Victory
Conquest
Starting age
Dark Age
Ending age
Imperial Age
RankedLock teamsTeams togetherTeam positionsShared explorationLock speedFull tech treeHidden civsTurbo modeCheats
Victory
Defeat
🇫🇮 Koreans · Finland
1087
+15
🇪🇸 Vikings · Spain
1082
+15
🇨🇳 Spanish · China
1059
+16
🇦🇷 Japanese · Argentina
1010
+17
🇨🇳 Maya · China
1092
-18
🇨🇳 Khitans · China
1071
-16
🇨🇳 Cumans · China
1047
-15
1000
-14
我不是蓝精灵
0:34 Loom
9:29 Feudal Age
10:53 Fletching
10:57 Double-Bit Axe
13:38 Horse Collar
16:35 Padded Archer Armor
19:21 Wheelbarrow
22:35 Castle Age
20:43 Gold Mining
21:34 Stone Mining
22:58 Crossbowman
23:43 Thumb Ring
23:37 Bodkin Arrow
24:53 Bow Saw
24:52 Heavy Plow
27:28 Ballistics
27:33 Town Watch
夜语夕言守赢了
6:36 Loom
9:24 Feudal Age
10:26 Double-Bit Axe
10:22 Horse Collar
17:32 Wheelbarrow
19:44 Castle Age
19:20 Scale Barding Armor
19:26 Forging
19:50 Light Cavalry
20:53 Chain Barding Armor
21:05 Bow Saw
21:39 Iron Casting
21:50 Bloodlines
23:43 Heavy Plow
28:13 Stone Mining
28:15 Gold Mining
31:22 Imperial Age
29:48 Gold Shaft Mining
29:45 Hand Cart
29:58 Caravan
四月
5:49 Loom
5:57 Loom
6:36 Loom
8:55 Feudal Age
9:46 Double-Bit Axe
10:03 Domestication
13:29 Forging
15:41 Scale Barding Armor
20:44 Castle Age
19:07 Gold Mining
20:45 Light Cavalry
22:02 Iron Casting
21:42 Bow Saw
21:33 Pastoralism
21:37 Husbandry
22:37 Chain Barding Armor
24:23 Wheelbarrow
洗心革面重新做人TownYan
11:22 Feudal Age
12:20 Double-Bit Axe
15:04 Castle Age
14:42 Gold Mining
15:09 Fletching
16:21 Medium Warships
16:03 Horse Collar
16:34 Bow Saw
19:11 Wheelbarrow
18:22 Loom
18:23 Town Watch
21:45 Heavy Plow
23:52 Hand Cart
24:02 Hand Cart
24:10 Treadmill Crane
26:05 Gold Shaft Mining
27:00 Fortified Wall
28:07 Town Patrol
28:20 Bodkin Arrow
31:42 Imperial Age
29:45 Scale Mail Armor
29:55 Forging
waatwat
13:08 Feudal Age
11:25 Loom
17:46 Scale Mail Armor
17:58 Forging
22:03 Castle Age
24:31 Pikeman
25:39 Fletching
27:24 Bodkin Arrow
KRAIKTON
10:32 Feudal Age
14:10 Castle Age
12:16 Double-Bit Axe
12:30 Horse Collar
16:25 Bow Saw
17:00 Loom
19:21 Town Watch
20:25 Stone Mining
23:53 Gold Mining
27:56 Scale Mail Armor
28:07 Forging
Marianob04
10:41 Feudal Age
16:06 Castle Age
16:22 Scale Mail Armor
17:40 Chain Mail Armor
16:49 Pikeman
20:53 Double-Bit Axe
22:07 Squires
24:33 Forging
26:48 Bow Saw
我的哈哈哈
6:30 Loom
9:42 Feudal Age
10:14 Double-Bit Axe
11:11 Horse Collar
27:30 Castle Age
26:03 Fletching
27:39 Stone Mining
Connection lost

Rejoining the realm…

Still unreachable

The connection could not be restored.

Session expired

The server has moved on; the page needs a fresh start.